 Dungeon Crawl Stone Soup version 0.26-a0-597-gb535b0901c (webtiles) character file.

Game seed: 17643595533437952381

1677 egad the Slicer (level 8, 0/42 HPs)
             Began as a Spriggan Berserker on Sept 12, 2020.
             Was a Believer of Trog.
             Killed from afar by a white imp (9 damage)
             ... with a puff of frost
             ... on level 6 of the Dungeon.
             The game lasted 00:17:49 (7712 turns).

egad the Slicer (Spriggan Berserker)                Turns: 7712, Time: 00:17:49

Health: 0/42       AC:  3    Str: 15    XL:     8   Next: 70%
Magic:  9/9        EV: 23    Int:  8    God:    Trog [**....]
Gold:   461        SH:  0    Dex: 16    Spells: 7/7 levels left

rFire    . . .     SeeInvis +   a - +0 short sword
rCold    . . .     Faith    .   (shield restricted)
rNeg     . . .     Spirit   .   k - +0 robe of Entitlement {rElec} (curse)
rPois    .         Reflect  .   (helmet restricted)
rElec    +         Harm     .   u - +0 cloak
rCorr    .                      (gloves unavailable)
MR       ++...                  (boots unavailable)
Stlth    +++.......             (no amulet)
HPRegen  0.14/turn              y - ring of protection from magic
MPRegen  0.11/turn              (no ring)

@: berserk cooldown, slowed, quick
A: very small, unfitting armour, see invisible, speed 3
a: Berserk, Trog's Hand, Renounce Religion


You were on level 6 of the Dungeon.
You worshipped Trog.
Trog was pleased with you.
You visited 1 branch of the dungeon, and saw 6 of its levels.
You also visited: Ossuary.

You collected 482 gold pieces.
You spent 21 gold pieces at shops.

Inventory:

Hand Weapons
 a - a +0 short sword (weapon)
 l - a +0 dagger
 n - a +2 vorpal trident
Missiles
 v - 6 boomerangs (quivered)
 z - 3 curare-tipped darts
 C - 4 poisoned darts
Armour
 b - a +1 animal skin
 k - the cursed +0 robe of Entitlement (worn) {rElec}
   (You found it on level 5 of the Dungeon)

   It insulates you from electricity.
   It has a curse placed upon it.
 u - a +0 cloak (worn)
Jewellery
 y - a ring of protection from magic (left hand)
 E - an uncursed amulet of reflection
 F - an uncursed amulet of magic regeneration
Wands
 m - a wand of polymorph (8)
 p - a wand of random effects (16)
 D - a wand of flame (11)
Scrolls
 f - 6 scrolls of remove curse
 g - 3 scrolls of enchant weapon {unknown}
 h - 2 scrolls of magic mapping
 i - a scroll of teleportation
 j - 2 scrolls of immolation {unknown}
 q - 2 scrolls of enchant armour
 t - 2 scrolls of amnesia {unknown}
 w - a scroll of fear {unknown}
 A - a scroll of blinking {unknown}
 B - a scroll of fog {unknown}
Potions
 c - 5 potions of curing
 e - 2 potions of stabbing
 o - 2 potions of lignification
 r - 2 potions of haste
 s - a potion of magic
 x - 2 potions of berserk rage
 G - 3 potions of heal wounds
 H - a potion of invisibility
 I - a potion of flight {unknown}


   Skills:
 + Level 3.8 Fighting
 + Level 8.1 Short Blades
 + Level 4.1 Throwing
 * Level 1.9 Armour
 + Level 7.9 Dodging
 + Level 6.0 Stealth


You had 7 spell levels left.
You didn't know any spells.
Your spell library was empty.

Dungeon Overview and Level Annotations

Branches:
Dungeon (6/15)             Temple (0/1) D:6         Ossuary (visited)

Altars:
Cheibriados
Elyvilon
Gozag
Okawaru
Qazlal
Ru
Vehumet
Zin

Shops:
D:5 *

Annotations:
D:2 exclusion: downstairs
D:3 Grinder


Innate Abilities, Weirdness & Mutations

You are very small and have problems with some larger weapons.
You are too small for most types of armour.
You have supernaturally acute eyesight. (SInv)
You cover ground extremely quickly.


Message History

You are too injured to fight recklessly!
You are too injured to fight recklessly!
You are too injured to fight recklessly!
You are too injured to fight recklessly!
Unknown command.
You are too injured to fight recklessly!
You are too injured to fight recklessly!
You are too injured to fight recklessly!
Unknown command.
You are too injured to fight recklessly!
The white imp gestures at you. The puff of frost hits you!
* * * LOW HITPOINT WARNING * * *
A black bear comes into view.
The black bear growls angrily.
The white imp gestures at you. The puff of frost misses you.
The white imp gestures at you. The puff of frost hits you!
You die...

*,*,,,,,.,#...###..#..##..#.##.##
*,*,**,*..#...h....#..##..#.##...
*,*,**,,.........................
,,,,*,,,.......5.......^.........
,,******......).##.##.##.........
,,******.#......#*###.###..####..
,,,,,,,,......#.# #.###..# #..
,*******.##...#.#####......# #..
,* *,*#...#.@..........# #.. ,*
*,*#..,#...#######.## ### ,*
****#...#...#######.# ,*
*,,.................#
,********##...#############
,,,,,,,,,.....* ,********####**
,* ,*


You could see a black bear and a white imp.

Vanquished Creatures
  A troll (D:5)
  Sigmund (D:3)
  Duvessa (D:5)
  A water moccasin (D:5)
  2 ogres
  A bullfrog (D:6)
  Blork the orc (D:6)
  Dowan (D:5)
  A scorpion (D:4)
  2 howler monkeys (D:4)
  A bullfrog zombie (D:5)
  A hound (D:5)
  2 orc priests
  Crazy Yiuf (D:3)
  A centaur skeleton (D:4)
  An iguana (D:4)
  Terence (D:3)
  Ijyb (D:3)
  2 worker ants
  8 mummies (Ossuary)
  11 adders
  A shadow imp (D:6)
  2 ufetubi
  An ooze (D:3)
  An adder skeleton (D:5)
  3 worms
  2 dart slugs
  2 leopard geckos
  13 orcs
  3 bats
  2 giant cockroaches
  4 goblins
  6 hobgoblins
  2 jackals (D:1)
  8 kobolds
  A quokka (D:2)
  A ball python (D:1)
  9 frilled lizards
  A hobgoblin zombie (Ossuary)
  7 kobold zombies (Ossuary)
  A leopard gecko zombie (D:5)
  A quokka skeleton (D:4)
  7 rats
120 creatures vanquished.

Notes
Turn   | Place    | Note
-------+----------+-------------------------------------------
     0 | D:1      | egad the Spriggan Berserker began the quest for the Orb.
     0 | D:1      | Reached XP level 1. HP: 11/11 MP: 2/2
   557 | D:1      | Reached XP level 2. HP: 16/16 MP: 3/3
  1479 | D:2      | Reached skill level 5 in Dodging
  1479 | D:2      | Reached XP level 3. HP: 19/19 MP: 4/4
  1645 | D:2      | Reached skill level 4 in Short Blades
  1884 | D:2      | Found a sacrificial altar of Ru.
  2739 | D:2      | Found an opulent altar of Gozag.
  2745 | D:2      | Found a snail-covered altar of Cheibriados.
  2746 | D:2      | Found an iron altar of Okawaru.
  2746 | D:2      | Found a radiant altar of Vehumet.
  2750 | D:2      | Found a glowing silver altar of Zin.
  2751 | D:2      | Found a white marble altar of Elyvilon.
  2947 | D:3      | Reached XP level 4. HP: 23/23 MP: 5/5
  2949 | D:3      | Noticed Ijyb
  2963 | D:3      | Killed Ijyb
  2963 | D:3      | Reached skill level 1 in Stealth
  3022 | D:3      | Noticed Grinder
  3031 | D:3      | Reached ** piety under Trog
  3472 | D:3      | Reached XP level 5. HP: 28/28 MP: 6/6
  3491 | D:3      | Reached skill level 5 in Short Blades
  3689 | D:3      | Noticed Sigmund
  3708 | D:3      | Killed Sigmund
  3708 | D:3      | Reached skill level 1 in Throwing
  3708 | D:3      | Reached XP level 6. HP: 32/32 MP: 7/7
  3818 | D:3      | Noticed Terence
  3834 | D:3      | Killed Terence
  3956 | D:3      | Found a runed translucent door.
  3957 | D:3      | Noticed Crazy Yiuf
  3965 | D:3      | Killed Crazy Yiuf
  4182 | D:4      | Reached skill level 6 in Short Blades
  4855 | D:4      | Noticed a water elemental
  4921 | D:4      | Reached XP level 7. HP: 36/36 MP: 8/8
  5712 | D:4      | Found a stormy altar of Qazlal.
  5715 | D:4      | Noticed a fire elemental
  5715 | D:4      | Noticed an air elemental
  5946 | D:5      | Entered Level 5 of the Dungeon
  6020 | D:5      | Found Kotedak's Serpentskin Sales.
  6025 | D:5      | Bought 3 curare-tipped darts for 21 gold pieces
  6032 | D:5      | Noticed Duvessa
  6035 | D:5      | Noticed Dowan
  6042 | D:5      | Noticed a troll
  6052 | D:5      | Killed Duvessa
  6052 | D:5      | Reached skill level 7 in Short Blades
  6287 | D:5      | Got an opalescent robe
  6298 | D:5      | Identified the cursed +0 robe of Entitlement {rElec} (You
                  | found it on level 5 of the Dungeon)
  6362 | D:5      | Reached XP level 8. HP: 40/40 MP: 9/9
  6540 | D:5      | Reached skill level 5 in Stealth
  6543 | D:5      | Killed Dowan
  6876 | D:5      | Killed a troll
  6876 | D:5      | Reached skill level 1 in Armour
  7104 | D:6      | Noticed Blork the orc
  7107 | D:6      | Killed Blork the orc
  7132 | D:6      | Found a sand-covered staircase.
  7138 | Ossuary  | Entered an ossuary
  7529 | Ossuary  | Reached skill level 8 in Short Blades
  7712 | D:6      | Killed from afar by a white imp

Illustrated notes

Levels and vault maps discovered:
D:1:      ncdulo_wetmaze, layout_basic
D:2:      layout_basic, minitemple, nicolae_ru_sacrificial_ziggurat
D:3:      layout_rooms, uniq_grinder, uniq_terence, uniq_sigmund, uniq_ijyb,
          uniq_crazy_yiuf_cottage
D:4:      layout_gridville, minmay_stone_trees_small,
          nicolae_qazlal_style_of_elements
D:5:      layout_loops_ring, chequers_serial_rivers_micro_b,
          guppyfry_shop_venom, uniq_duvessa
D:6:      layout_basic, minmay_temple_entry_sparse_star, serial_shops, shop,
          enter_ossuary_3, uniq_eustachio, uniq_blork_the_orc, uniq_menkaure

Skill      XL: |  1  2  3  4  5  6  7  8 |
---------------+-------------------------+-----
Dodging        | 5 6 7 |  7.9
Short Blades   | 4 5 6 7 8 |  8.1
Stealth        | 1 2 3 4 6 |  6.0
Fighting       | 3 |  3.8
Throwing       | 1 2 3 4 |  4.1
Armour         | 1 |  1.9

Action                   |  1- 3 |  4- 6 |  7- 9 || total
-------------------------+-------+-------+-------++-------
Melee: Short sword       |   119 |    95 |   207 ||   421
Throw: Dart              |     7 |    28 |    14 ||    49
       Throwing net      |       |       |     1 ||     1
       Boomerang         |       |       |    24 ||    24
Invok: Berserk           |    10 |    11 |    12 ||    33
       Trog's Hand       |       |     1 |     5 ||     6
  Use: Scroll            |     3 |       |     9 ||    12
 Stab: Sleeping          |     2 |     2 |     6 ||    10
       Held in net/web   |       |       |     1 ||     1
Armor: Animal skin       |    10 |     5 |     2 ||    17
       Robe              |       |       |     3 ||     3
Dodge: Dodged            |    94 |    57 |   167 ||   318

Table legend: (Time is in decaauts)
 A = Elapsed time spent in this place.
 B = Non-inter-level travel time spent in this place.
 C = Inter-level travel time spent in this place.
 D = Time resting spent in this place.
 E = Time spent auto-exploring this place.
 F = Levels seen in this place.
 G = Mean time per level.
                   A        B        C        D        E       F      G
               +--------+--------+--------+--------+--------+-----+--------+
         Total |   6632 |   6496 |    136 |   3294 |   1992 |   7 |  947.4 |
       Dungeon |   6142 |   6006 |    136 |   3023 |   1909 |   6 | 1023.7 |
       Ossuary |    490 |    490 |      0 |    271 |     82 |   1 |  490.0 |
               +--------+--------+--------+--------+--------+-----+--------+

Top non-repeatable levels by time:
     D:1: 1352 daAuts
     D:4: 1337 daAuts
     D:2: 1336 daAuts
     D:3: 1165 daAuts
     D:5: 882 daAuts
 Ossuary: 490 daAuts
     D:6: 68 daAuts
